 Dungeon Crawl Stone Soup version 0.30.1-11-g7821555f0a (webtiles) character file.

Game seed: 3094346892411717630

13964 Wiggles the Cleaver (level 11, -13/99 HPs)
             Began as a Minotaur Berserker on Nov 15, 2023.
             Was a High Priest of Trog.
             Mangled by an enormous slime creature (48 damage)
             ... on level 12 of the Dungeon.
             The game lasted 00:15:08 (7041 turns).

Wiggles the Cleaver (Minotaur Berserker)            Turns: 7041, Time: 00:15:08

Health: -13/99     AC: 35    Str: 26    XL:     11   Next: 82%
Magic:  10/10      EV:  5    Int:  7    God:    Trog [*****.]
Gold:   1419       SH: 16    Dex: 12    Spells: 10/10 levels left

rFire   . . .        F - +3 broad axe
rCold   . . .        y - +0 tower shield
rNeg    . . .        a - +8 orange crystal plate armour {Archmagi, Int+3 Clar}
rPois   .            (helmet restricted)
rElec   .            i - scarf {repulsion}
rCorr   +            k - +2 pair of gloves
SInv    .            g - +2 pair of boots
Will    .....        o - amulet of regeneration Stlth
                     w - ring of resist corrosion
HPRegen 1.16/turn    m - ring "Monep" {Dex+2 Slay+4}
MPRegen 0.12/turn

%: repel missiles, clarity, archmagi
@: no status effects
A: horns 2, retaliatory headbutt
a: Renounce Religion, Berserk, Trog's Hand, Brothers in Arms


You were on level 12 of the Dungeon.
You worshipped Trog.
Trog was extremely pleased with you.
You visited 1 branch of the dungeon, and saw 12 of its levels.

You collected 1538 gold pieces.
You spent 119 gold pieces at shops.

Inventory:

Hand Weapons
 D - a +0 battleaxe
 F - a +3 broad axe (weapon)
Missiles
 d - 5 throwing nets (quivered)
Armour
 a - the +8 orange crystal plate armour (worn) {Archmagi, Int+3 Clar}
   (You acquired it on level 6 of the Dungeon)

   Int:       It affects your intelligence (+3).
   Clar:      It protects you from confusion, rage, mesmerisation and fear.
 g - a +2 pair of boots (worn)
 i - a scarf of repulsion (worn)
 k - a +2 pair of gloves (worn)
 l - a +0 kite shield
 y - a +0 tower shield (worn)
Jewellery
 m - the ring "Monep" (right hand) {Dex+2 Slay+4}
   (You found it on level 10 of the Dungeon)

   [ring of slaying]

   Dex:       It affects your dexterity (+2).
   Slay:      It affects your accuracy & damage with ranged weapons and melee
   (+4).
 o - an amulet of regeneration (around neck)
 q - a ring of protection from fire
 w - a ring of resist corrosion (left hand)
 z - a ring of protection from cold
Wands
 e - a wand of flame (8)
 v - a wand of mindburst (14)
 x - a wand of light (3)
 E - a wand of roots (10)
Scrolls
 b - 2 scrolls of fog
 j - 4 scrolls of teleportation
 n - 7 scrolls of identify
 p - a scroll of magic mapping
 u - 2 scrolls of enchant weapon
 C - 2 scrolls of blinking
 I - a scroll of fear
Potions
 c - 3 potions of brilliance
 f - 9 potions of curing
 h - 2 potions of invisibility
 s - 2 potions of haste
 t - 4 potions of magic
 A - a potion of cancellation {unknown}
 B - a potion of heal wounds {unknown}
 G - 2 potions of flight
 H - a potion of mutation {unknown}
Miscellaneous
 r - a phial of floods
 J - a lightning rod (4/4)


   Skills:
 + Level 9.9 Fighting
 + Level 14.7 Axes
 + Level 9.9 Armour
 + Level 5.2 Dodging
 + Level 1.1 Stealth
 + Level 10.7 Shields
 + Level 0.6 Evocations


You had 10 spell levels left.
You didn't know any spells.
Your spell library was empty.

Dungeon Overview and Level Annotations

Branches:
Dungeon (12/15)            Temple (0/1) D:4            Lair (0/5) D:10
    Orc (0/2) D:12

Altars:
Ashenzari
Dithmenos
Fedhas
Kikubaaqudgha
Nemelex Xobeh
Uskayaw
Vehumet
Xom
Zin

Shops:
D:4 ?   D:7 *   D:10 !   D:12 !

Portals:
Trove: D:11 (give 17 scrolls of teleportation)


Innate Abilities, Weirdness & Mutations

You have a pair of horns on your head.
You reflexively headbutt those who attack you in melee.


Message History

A slime creature is nearby!
You block the slime creature's attack.
You slice the slime creature!!
The slime creature is moderately wounded.
You block the slime creature's attack.
You slice the slime creature!!
The slime creature is severely wounded.
A slime creature comes into view.
You block the slime creature's attack.
Two slime creatures merge to form a large slime creature.
You slash the large slime creature!
The large slime creature is heavily wounded.
You slice the large slime creature!!
The large slime creature is severely wounded.
A slime creature comes into view.
The large slime creature closely misses you.
You slice the large slime creature!! You headbutt the large slime creature!
The large slime creature is almost dead.
Two slime creatures merge to form a very large slime creature.
You slice the very large slime creature!!
The very large slime creature is severely wounded.
The very large slime creature hits you.
A slime creature comes into view.
You slice the very large slime creature!!
You headbutt the very large slime creature!
The very large slime creature is almost dead.
The very large slime creature barely misses you.
Two slime creatures merge to form an enormous slime creature.
You completely miss the enormous slime creature.
Your headbutt misses the enormous slime creature.
The enormous slime creature is severely wounded.
The enormous slime creature attacks as you move away!
The enormous slime creature hits you!!!
Ouch! That really hurt!
You hear a shout! x3
The enormous slime creature attacks as you move away!
The enormous slime creature hits you!
Your troll goes berserk!
The enormous slime creature hits you!!!
You die...

######## .......##
#####.#.##
##..##.#############
#.#.###.....T.@J...#
###.##.###########.#
####.....# #
...))8.### ####...#
###'#### ...## .>.#
..)##


You could see an enormous slime creature (ally target) and a friendly troll
(summoned, berserk).

Vanquished Creatures
  Nessos (D:12)
  A boulder beetle (D:12)
  A two-headed ogre (D:11)
  An ugly thing (D:11)
  2 cyclopes (D:11)
  A kobold demonologist (D:11)
  3 trolls
  A hornet (D:9)
  A slime creature (D:12)
  2 shadows
  2 wraiths
  21 yaks
  4 wyverns (D:10)
  6 vampire mosquitoes (D:10)
  5 water moccasins
  4 orc warriors
  2 ice beasts
  2 sky beasts (D:7)
  2 black bears
  An ogre (D:5)
  3 centaurs
  A phantom (D:5)
  2 kobold brigands
  A bullfrog (D:6)
  Blork the orc (D:4)
  5 scorpions
  11 wights
  16 killer bees
  2 howler monkeys
  2 jellies (D:6)
  3 hounds
  3 orc priests
  A gnoll bouda (D:9)
  2 sleepcaps
  Ijyb (D:4)
  3 iguanas
  14 orc wizards
  12 gnolls
  7 adders
  An ufetubus (D:5)
  A worm (D:2)
  A dart slug (D:2)
  50 orcs
  3 ball pythons
  An endoplasm (D:2)
  3 giant cockroaches
  3 goblins
  2 hobgoblins
  5 quokkas
  3 bats (D:3)
  10 frilled lizards
  10 kobolds
  2 rats
248 creatures vanquished.

Vanquished Creatures (others)
  An orc wizard (D:6)
1 creature vanquished.

Grand Total: 249 creatures vanquished

Notes
Turn   | Place    | Note
-------+----------+-------------------------------------------
     0 | D:1      | Wiggles the Minotaur Berserker began the quest for the Orb.
     0 | D:1      | Reached XP level 1. HP: 19/19 MP: 0/0
   173 | D:1      | Found a faded altar of an unknown god.
   464 | D:2      | Reached XP level 2. HP: 9/27 MP: 1/1
   728 | D:2      | You fall into a shaft and drop 1 floor!
   982 | D:2      | Reached skill level 4 in Axes
  1036 | D:2      | Reached XP level 3. HP: 34/34 MP: 2/2
  1363 | D:3      | Reached skill level 5 in Fighting
  1364 | D:3      | Reached XP level 4. HP: 37/42 MP: 3/3
  1373 | D:3      | Reached ** piety under Trog
  1374 | D:3      | Reached skill level 1 in Shields
  1556 | D:4      | Reached XP level 5. HP: 48/48 MP: 4/4
  1579 | D:4      | Found Rygigir's Magic Scroll Shoppe.
  1582 | D:4      | Bought a scroll of enchant armour for 90 gold pieces
  1600 | D:4      | Reached skill level 5 in Axes
  1742 | D:4      | Identified the +4 quarterstaff of Anger {flame, rCorr
                  | Dex+3}
  1800 | D:4      | Noticed Ijyb
  1804 | D:4      | Killed Ijyb
  1816 | D:4      | Noticed Blork the orc
  1825 | D:4      | Killed Blork the orc
  1826 | D:4      | Reached XP level 6. HP: 17/56 MP: 5/5
  2007 | D:4      | Found a staircase to the Ecumenical Temple.
  2164 | D:5      | Entered Level 5 of the Dungeon
  2173 | D:5      | Reached skill level 6 in Axes
  2310 | D:5      | Reached XP level 7. HP: 58/61 MP: 6/6
  2311 | D:5      | Reached skill level 5 in Armour
  2343 | D:5      | Reached *** piety under Trog
  2395 | D:5      | Found a glowing silver altar of Zin.
  2397 | D:5      | Noticed an angel
  2417 | D:5      | Found a shimmering altar of Xom.
  2694 | D:6      | Found a radiant altar of Vehumet.
  2706 | D:6      | Reached skill level 7 in Axes
  2706 | D:6      | Reached skill level 1 in Stealth
  2706 | D:6      | Reached XP level 8. HP: 56/70 MP: 7/7
  2772 | D:6      | Reached skill level 8 in Axes
  2833 | D:6      | Reached skill level 5 in Shields
  3078 | D:6      | Identified 2 scrolls of acquirement
  3078 | D:6      | Acquired 620 gold pieces
  3154 | D:6      | Acquired the +8 orange crystal plate armour {Archmagi,
                  | Int+3 Clar}
  3154 | D:6      | Found the +8 orange crystal plate armour {Archmagi, Int+3
                  | Clar}
  3306 | D:7      | Found a shadowy altar of Dithmenos.
  3654 | D:7      | Found Xukyepp's Assorted Antiques.
  3659 | D:7      | Bought a scroll labelled WISALO PIAGEC for 29 gold pieces
  3696 | D:8      | Reached skill level 5 in Dodging
  3723 | D:8      | Reached XP level 9. HP: 78/78 MP: 8/8
  3944 | D:8      | Found a hide-covered altar of Uskayaw.
  3997 | D:8      | Reached skill level 9 in Axes
  4064 | D:8      | Found a sparkling altar of Nemelex Xobeh.
  4514 | D:9      | Reached skill level 10 in Axes
  4525 | D:9      | Reached **** piety under Trog
  4558 | D:9      | Reached XP level 10. HP: 81/86 MP: 9/9
  4573 | D:9      | Reached skill level 11 in Axes
  4790 | D:9      | Found a broken altar of Ashenzari.
  5204 | D:10     | Entered Level 10 of the Dungeon
  5233 | D:10     | Identified the +11 trident "Nidoeti" {antimagic, *Noise
                  | Int+2 Dex+2}
  5360 | D:10     | Reached skill level 12 in Axes
  5363 | D:10     | Found a staircase to the Lair.
  5381 | D:10     | Reached ***** piety under Trog
  5479 | D:10     | Identified the ring "Monep" {Dex+2 Slay+4}
  5503 | D:10     | Reached XP level 11. HP: 94/95 MP: 10/10
  5665 | D:10     | Found Gafueluemn's Distillery.
  5685 | D:10     | Reached skill level 13 in Axes
  5871 | D:10     | Found an ancient bone altar of Kikubaaqudgha.
  5875 | D:10     | Found a blossoming altar of Fedhas.
  6039 | D:11     | Received a gift from Trog
  6108 | D:11     | Found a portal to a secret trove of treasure.
  6200 | D:11     | Noticed a brown ugly thing
  6206 | D:11     | Killed a brown ugly thing
  6207 | D:11     | Reached skill level 10 in Shields
  6337 | D:11     | Reached skill level 14 in Axes
  6359 | D:11     | Noticed a two-headed ogre
  6363 | D:11     | Killed a two-headed ogre
  6507 | D:12     | Noticed Nessos
  6552 | D:12     | Killed Nessos
  6745 | D:12     | Noticed a boulder beetle
  6763 | D:12     | Killed a boulder beetle
  6791 | D:12     | Found Dykopi Wedgh's Distillery.
  6956 | D:12     | Found a staircase to the Orcish Mines.
  7041 | D:12     | Mangled by an enormous slime creature

Illustrated notes

Levels and vault maps discovered:
D:1:      scummos_arrival_star, layout_rooms, ebering_ecumenical_altar_box
D:2:      layout_basic, nicolae_concentric_dashed_squares_mild, st_stairs_5
D:3:      layout_rooms
D:4:      layout_loops_cross, minmay_temple_entry_statues_pillars, serial_shops,
          shop, uniq_blork_the_orc, uniq_ijyb
D:5:      layout_rooms, grunt_temple_overflow_order_and_chaos_1,
          chequers_serial_rivers_marsh, minmay_lizard_king
D:6:      layout_rooms, mainiacjoe_overflow_small_starburst
D:7:      layout_cave_pools, nicolae_dithmenos_shadow_blocks, serial_shops,
          nicolae_shop_tiny_real_fake_doors
D:8:      layout_cave_pods, mainiacjoe_overflow_brackets,
          nemelex_xobeh_ov_fountains_minmay, minmay_misc_feat_tiny,
          kennysheep_generic_room_3
D:9:      layout_long_grid, evilmike_ruin_ashenzari
D:10:     layout_loops_ring, grunt_temple_overflow_growth_and_decay,
          minmay_lair_entry_grove, serial_shops, nicolae_take_the_stairs,
          amcnicky_mini_pool_small
D:11:     layout_big_octagon, nicolae_trove_entry_crystal, serial_glass,
          glass_columns_a, glass_columns_b, glass_columns_a, glass_columns_a,
          glass_columns_c, glass_columns_a, glass_columns_a, glass_columns_a,
          glass_columns_b, glass_columns_a, due_unseen_surprise,
          item_on_display_a, minmay_strange_pillars
D:12:     layout_loops_ring, hiddenorc2_lemuel, serial_shops,
          nicolae_shop_trees, uniq_nessos

Skill      XL: |  1  2  3  4  5  6  7  8  9 10 11 |
---------------+----------------------------------+-----
Fighting       | 4 5 6 7 8 9 |  9.9
Axes           | 4 5 6 7 8 10 12 14 | 14.7
Armour         | 3 4 5 6 7 8 9 |  9.9
Shields        | 1 2 3 4 6 8 9 10 | 10.7
Dodging        | 3 4 5 |  5.2
Stealth        | 1 |  1.1
Evocations     | |  0.6

Action                     |  1- 3 |  4- 6 |  7- 9 | 10-12 || total
---------------------------+-------+-------+-------+-------++-------
  Melee: Hand axe          |    54 |    74 |   203 |    31 ||   362
         Headbutt          |     8 |     9 |    35 |    49 ||   101
         Punch             |     1 |       |       |       ||     1
         War axe           |    15 |       |       |   101 ||   116
         Broad axe         |       |       |       |   114 ||   114
 Invoke: Berserk           |       |     1 |     1 |     1 ||     3
         Brothers in Arms  |       |       |       |     1 ||     1
  Evoke: Wand              |       |       |       |     5 ||     5
    Use: Scroll            |       |     3 |    23 |     3 ||    29
 Armour: Ring mail         |    10 |       |       |       ||    10
         Scale mail        |    16 |    70 |    41 |       ||   127
         Chain mail        |       |       |    37 |       ||    37
         Crystal plate arm |       |       |   145 |   210 ||   355
  Dodge: Dodged            |    47 |    57 |    89 |    55 ||   248
  Block: Kite shield       |    13 |    38 |   129 |   100 ||   280
         Tower shield      |       |       |       |    95 ||    95
